 Dungeon Crawl Stone Soup version 0.26-b1-32-g5d43845318 (webtiles) character file.

Game seed: 740099615438279430

64 dohliylev the Stinger (level 3, 0/16 HPs)
             Began as a Spriggan Venom Mage on Jan 12, 2021.
             Slain by an adder (2 damage)
             ... on level 2 of the Dungeon.
             The game lasted 00:06:36 (1889 turns).

dohliylev the Stinger (Spriggan Venom Mage)         Turns: 1889, Time: 00:06:36

Health: 0/16       AC:  2    Str: 10    XL:     3   Next: 91%
Magic:  4/8        EV: 18    Int: 17    God:
Gold:   137        SH:  0    Dex: 16    Spells: 1/7 levels left

rFire    . . .     SeeInvis +   k - staff of conjuration
rCold    . . .     Faith    .   (shield currently unavailable)
rNeg     . . .     Spirit   .   a - +0 robe
rPois    .         Reflect  .   (helmet restricted)
rElec    .         Harm     .   (no cloak)
rCorr    .         Rampage  .   (gloves unavailable)
Will     .....                  (boots unavailable)
Stlth    ++........             (no amulet)
HPRegen  0.05/turn              j - +6 ring of strength
MPRegen  0.11/turn              (no ring)

@: lethally poisoned (0 -> -4), very quick
A: very small, unfitting armour, see invisible, speed 3
a: no special abilities


You were on level 2 of the Dungeon.
You visited 1 branch of the dungeon, and saw 2 of its levels.

You collected 137 gold pieces.

Inventory:

Armour
 a - a +0 robe (worn)
Magical Staves
 k - an uncursed staff of conjuration (weapon)
Jewellery
 j - a +6 ring of strength (left hand)
Scrolls
 b - 5 scrolls of identify {unknown}
 c - a scroll of blinking {unknown}
 d - 2 scrolls of enchant armour {unknown}
 e - a scroll of remove curse {unknown}
 g - a scroll of noise {unknown}
Potions
 f - a potion of brilliance {unknown}
 h - a potion of flight {unknown}
 i - a potion of lignification {unknown}


   Skills:
 - Level 3.0 Dodging
 - Level 3.0 Stealth
 - Level 2.6 Spellcasting
 - Level 1.3 Transmutations
 + Level 4.9 Poison Magic


You had one spell level left.
You knew the following spells:

 Your Spells              Type           Power        Failure   Level
a - Sting                 Tmut/Pois      48%          4%          1
b - Mephitic Cloud        Conj/Pois/Air  11%          28%         3
c - Poisonous Vapours     Pois/Air       20%          10%         2

Your spell library contained the following spells:

 Spells                   Type           Power        Failure   Level
 Ignite Poison            Fire/Tmut/Pois 9%           22%         3
 Olgreb's Toxic Radiance  Pois           18%          24%         4


Dungeon Overview and Level Annotations

Branches:
Dungeon (2/15)

Altars:
Hepliaklqana

Annotations:
D:2 Natasha


Innate Abilities, Weirdness & Mutations

You are very small and have problems with some larger weapons.
You are too small for most types of armour.
You have supernaturally acute eyesight. (SInv)
You cover ground extremely quickly.


Message History

The adder completely misses you. The adder bites you.
You closely miss the adder.
The adder is moderately wounded.
You feel sick. The adder completely misses you. The adder barely misses you.
You hit the adder but do no damage.
The adder is heavily wounded.
The adder bites you.
* * * LOW HITPOINT WARNING * * *
You barely miss the adder.
The adder is heavily wounded.
* * * LOW HITPOINT WARNING * * *
You feel sick. The adder barely misses you. The adder bites you.
* * * LOW HITPOINT WARNING * * *
You miss the adder.
The adder is heavily wounded.
The adder closely misses you.
You closely miss the adder.
The adder is severely wounded.
The adder closely misses you. The adder bites you.
You die...

## #.####### #.#
##......#
#?###.#####.########
#.#.## #.........
#.## #######... #.#
#.## #.# #.# #S#
#.## #@# #... #.#
##.. #.# ### #.# #
##.## # #...# ..####
##.## ...... #.#
######
####(#############


You could see an adder (poisoned).

Vanquished Creatures
  4 adders (D:2)
  A worm (D:2)
  2 leopard geckos
  7 bats
  2 giant cockroaches (D:2)
  3 hobgoblins
  A quokka (D:2)
  A goblin (D:2)
  3 kobolds
  A rat (D:1)
25 creatures vanquished.

Notes
Turn   | Place    | Note
-------+----------+-------------------------------------------
     0 | D:1      | dohliylev the Spriggan Venom Mage began the quest for the
                  | Orb.
     0 | D:1      | Reached XP level 1. HP: 9/9 MP: 5/5
   179 | D:1      | You fall into a shaft and drop 1 floor!
   196 | D:2      | Reached XP level 2. HP: 13/13 MP: 1/6
   492 | D:1      | Reached skill level 4 in Poison Magic
   788 | D:2      | Noticed Natasha
  1090 | D:2      | Reached XP level 3. HP: 16/16 MP: 5/8
  1493 | D:2      | Found a hazy altar of Hepliaklqana.
  1851 | D:2      | Learned a level 3 spell: Mephitic Cloud
  1854 | D:2      | Learned a level 2 spell: Poisonous Vapours
  1889 | D:2      | Slain by an adder

Illustrated notes

Levels and vault maps discovered:
D:1:      scummos_arrival_simple_crosswalls, layout_basic
D:2:      layout_loops_cross, nzn_hepliaklqana_mist_gate,
          minmay_indecisive_spiral, uniq_natasha

Skill      XL: |  1  2 |
---------------+-------+-----
Poison Magic   | 4 |  4.9
Dodging        | |  3.0
Stealth        | |  3.0
Spellcasting   | |  2.6
Transmutations | |  1.3

Action                   || total
-------------------------++-------
Melee: Unarmed           ||     6
       Staff             ||    18
 Cast: Sting             ||    51
       Poisonous Vapours ||     2
Armor: Robe              ||     5
Dodge: Dodged            ||    41
